Cogmind - Beta 15 @@@ ROGUE MODE // 2025.06.23 @ 15:43:12 Player: spoonum Result: Destroyed by S-27 Virus with Autogun Performance ------------- Evolutions (6) 3000 Regions Visited (9) 1800 Robots Destroyed (90) 450 Value Destroyed (2835) 2835 Prototype IDs (22) 440 Alien Tech Used (0) 0 Bonus (298) 298 TOTAL SCORE: 8823 Bonus ------- Follower Combat Kills 298 Cogmind --------- Core Integrity 0/1150 Matter 234/300 Energy 85/100 System Corruption 17% Temperature Hot (255) Movement Hovering (66) Location -4/Extension Parts ------- > --- POWER (2) -------- (None) > --- PROPULSION (5) --- Improved Gyrokinetic Inverter Improved Gyrokinetic Inverter > --- UTILITY (10) ----- Medium Storage Unit Targeting Computer > --- WEAPON (2) ------- (None) > --- INVENTORY (10) --- Improved Gyrokinetic Inverter Improved Gyrokinetic Inverter Long-range Terrain Scanner KE Penetrator Railgun Railgun Peak State ------------ > --- POWER ------------ Improved Fusion Compressor Light Particle Reactor > --- PROPULSION ------- Field Propulsion Drive Nuclear Pulse Array Nuclear Pulse Array > --- UTILITY ---------- Enhanced Optical Array Long-range Sensor Array Advanced Signal Interpreter Long-range Terrain Scanner Improved Terrain Scan Processor Improved Transmission Jammer Graphene Brace Advanced Hacking Suite System Shield Advanced System Shield > --- WEAPON ----------- Chainsword > --- INVENTORY -------- Light Particle Reactor Nuclear Pulse Array Improved Force Field Variable Charge Gun [Rating: 107] Favorites ----------- Power Light Ion Engine Engine Light Ion Engine Power Core Light Nuclear Core Reactor Light Particle Reactor Propulsion Armored Wheel Leg Aluminum Leg Wheel Armored Wheel Hover Unit Combat Airjet Flight Unit Cooled VTOL Module Utility System Shield Device Improved Transmission Jammer Storage Large Storage Unit Processor Improved Signal Interpreter Hackware System Shield Protection Medium Armor Plating Weapon Chainsword Energy Gun Improved Medium Laser Energy Cannon Beam Cannon Ballistic Gun Assault Rifle Ballistic Cannon Improved Light Cannon Launcher Grenade Launcher Special Weapon Plasma Cutter Impact Weapon Heavy Hammer Slashing Weapon Chainsword Piercing Weapon Spear Special Melee Weapon Improved Datajack Build | -11 -10 -10 -9 -8 -7 -6 -5 -4 -4 ------- Run | Yrd Mat Min Mat Mat Fac Fac Fac Fac Ext Slots Evolved 12 | . . . 2 2 2 2 2 2 . Power 1 | . . . . . . 1 . . . Propulsion 3 | . . . 1 1 . 1 . . . Utility 8 | . . . 1 1 2 . 2 2 . Weapon . | . . . . . . . . . . Parts Attached 181 | 1 5 1 22 13 42 13 48 21 15 Power 28 | . . . 6 1 7 2 6 2 4 Engine 15 | . . . 6 1 5 2 1 . . Core 11 | . . . . . 2 . 4 1 4 Reactor 2 | . . . . . . . 1 1 . Propulsion 54 | . 2 . 5 3 12 4 18 3 7 Treads . | . . . . . . . . . . Leg 8 | . 2 . 1 . . . 2 . 3 Wheel 9 | . . . 4 3 2 . . . . Hover 25 | . . . . . 5 4 12 . 4 Flight 12 | . . . . . 5 . 4 3 . Utility 61 | . 1 . 7 3 14 3 18 12 3 Device 30 | . 1 . 3 . 8 1 9 8 . Storage 5 | . . . 1 1 1 . 1 1 . Processor 11 | . . . 1 1 3 1 2 2 1 Hackware 7 | . . . . . 1 1 4 1 . Protection 8 | . . . 2 1 1 . 2 . 2 Artifact . | . . . . . . . . . . Weapon 38 | 1 2 1 4 6 9 4 6 4 1 Energy Gun 10 | 1 . . 2 4 2 . . 1 . Energy Cannon 9 | . 1 . . . 2 2 3 1 . Ballistic Gun 4 | . 1 . . . . . . 2 1 Ballistic Cannon 4 | . . . 2 . 2 . . . . Launcher 2 | . . 1 . . . 1 . . . Special Weapon 2 | . . . . 1 . . 1 . . Impact Weapon 1 | . . . . . . . 1 . . Slashing Weapon 4 | . . . . 1 1 1 1 . . Piercing Weapon 1 | . . . . . 1 . . . . Special Melee Weapon 1 | . . . . . 1 . . . . Unidentified Prototypes 13 | . . . 5 1 3 1 2 1 . Parts Lost 77 | . . . 7 2 23 5 21 10 9 Power 15 | . . . 2 . 3 2 3 1 4 Propulsion 31 | . . . 1 2 9 2 10 4 3 Utility 21 | . . . 2 . 8 1 4 4 2 Weapon 10 | . . . 2 . 3 . 4 1 . Highest Loss Streak 11 | . . . 4 1 9 4 11 9 7 To Critical Strikes . | . . . . . . . . . . Average Backups 9 | 6 7 8 7 10 11 12 11 6 3 Power . | 1 1 1 . . . 1 . 1 . Propulsion 1 | 4 3 2 . . 1 . 1 . . Utility 3 | . . 2 3 5 3 5 6 1 . Weapon 2 | 1 2 2 2 2 3 3 2 1 1 Tool/Special . | . . . . . . . . . . Unused Backups 57 | . 6 1 13 7 6 4 13 5 2 Power 5 | . . . 2 1 1 . . 1 . Propulsion 8 | . 2 . 2 . 3 . 1 . . Utility 29 | . 1 1 6 4 1 3 10 3 . Weapon 14 | . 3 . 3 2 1 1 1 1 2 Tool/Special 1 | . . . . . . . 1 . . Average Slot Usage (%) 83 | . 100 100 98 97 84 81 80 75 44 Engine 5 | . 14 14 10 9 4 9 1 . . Core 2 | . . . . . 2 . 6 2 3 Leg 4 | . 28 28 9 . . . . . 7 Wheel 7 | . . . 23 33 12 . . . . Hover 5 | . . . . . 1 9 18 . 10 Flight 5 | . . . . . 13 12 2 14 . Device 12 | . 14 14 16 9 15 5 9 16 4 Storage 7 | . 14 14 11 9 7 6 6 2 2 Processor 8 | . . . 2 13 9 16 9 14 2 Hackware 5 | . . . . . 1 9 12 14 . Protection 1 | . . . 2 4 2 . . . 5 Energy Gun 2 | . 5 . 2 15 3 . . . . Energy Cannon 3 | . 8 14 5 . 1 3 2 . . Ballistic Gun 2 | . 14 10 6 . . . . . 4 Ballistic Cannon 1 | . . . 6 1 1 . . . . Slashing Weapon 2 | . . . . . 3 4 3 4 . Peak Build Rating 107 | 6 7 9 30 26 52 68 96 107 76 Average Rating 46 | 6 7 8 20 23 36 56 65 91 49 On Entrance 22 | 6 6 7 9 20 26 42 44 53 8 Naked Turns 25 | . . . . . . . . 25 . Heaviest Build 64 | 11 14 15 30 44 61 51 55 32 64 Greatest Support 70 | 20 20 20 36 50 59 52 63 33 70 Greatest Overweight (x) 3 | . . . 1 . 3 1 1 . 1 Average Overweight (x) . | . . . . . . . . . . Largest Inventory Capacity 15 | 8 8 8 10 15 15 15 15 10 10 Average Capacity 10 | 8 8 8 8 11 12 12 12 7 7 Most Carried 15 | 7 8 8 10 12 15 15 15 10 6 Average Carried 9 | 6 7 7 7 10 11 12 11 6 3 Final Capacity 15 | 8 8 8 10 15 10 15 5 5 10 Final Carried 14 | 7 8 8 10 12 10 14 5 3 6 Class Distribution -------------------- 36% | Mutant 22% | Hacker-Ninja 15% | Hacker-Mutant 9% | Sprinter 9% | Scavenger-Mutant 4% | Scavenger-Skirmisher Dominant Class ---------------- Mutant | -10/Materials Mutant | -10/Mines Mutant | -9/Materials Scavenger-Skirmisher | -8/Materials Mutant | -7/Factory Sprinter | -6/Factory Hacker-Mutant | -5/Factory Hacker-Ninja | -4/Factory Scavenger-Mutant | -4/Extension Resources | -11 -10 -10 -9 -8 -7 -6 -5 -4 -4 ----------- Run | Yrd Mat Min Mat Mat Fac Fac Fac Fac Ext Matter Collected 3291 | 217 50 10 436 207 633 367 720 224 427 Remotely 350 | . . . . . 350 . . . . Salvage Created 3528 | 29 98 2 717 518 615 439 709 227 174 Parts 214 | 6 5 7 51 39 28 21 36 10 11 Haulers Intercepted 8 | . . . 2 2 3 . 1 . . Recyclers Shooed . | . . . . . . . . . . Parts Field Recycled . | . . . . . . . . . . Retrieved Matter . | . . . . . . . . . . Parts Self-Destructed . | . . . . . . . . . . Prevented . | . . . . . . . . . . Kills | -11 -10 -10 -9 -8 -7 -6 -5 -4 -4 ------- Run | Yrd Mat Min Mat Mat Fac Fac Fac Fac Ext Combat Hostiles Destroyed 56 | . 2 3 15 11 6 4 11 2 2 Melee 4 | . . . . . 1 . 3 . . Guns 21 | . 2 . 3 8 4 . . 2 2 Cannons 17 | . . 1 4 . 1 4 7 . . AOE 12 | . . 2 8 2 . . . . . Classes Destroyed 12 | 1 1 1 5 1 3 . . . . Worker 5 | . . . . . 1 3 . 1 . Builder 9 | . . . 4 1 3 . 1 . . Tunneler 2 | 2 . . . . . . . . . Hauler 8 | . . . 2 2 3 . 1 . . Recycler 6 | . . . 1 . 2 2 . 1 . Operator 3 | . . . . . 2 1 . . . Watcher 1 | . . . 1 . . . . . . Swarmer 12 | . . 3 . 3 . 3 3 . . Grunt 23 | . 2 . 12 3 2 1 2 . 1 Sentry 12 | . . . 3 4 1 . 2 1 1 Hunter 2 | . . . . 1 1 . . . . Programmer 7 | . . . . . 2 . 4 1 . Best Kill Streak 13 | 2 2 3 13 5 4 6 2 1 1 Combat Bots Only 12 | . 2 3 12 4 3 3 2 1 1 Max Kills in Single Turn 3 | 1 1 1 3 1 1 2 1 1 1 Gunslinging . | . . . . . . . . . . Exploded 2 | . . 1 2 1 . . . . . Melee 1 | . . . . . 1 . 1 . . Uniques/NPCs Destroyed . | . . . . . . . . . . Combat | -11 -10 -10 -9 -8 -7 -6 -5 -4 -4 -------- Run | Yrd Mat Min Mat Mat Fac Fac Fac Fac Ext Hostile Shots Fired 1224 | . 18 6 112 45 387 108 256 128 164 Missed 457 | . 6 2 35 9 158 43 81 57 66 Hits 767 | . 12 4 77 36 229 65 175 71 98 Projectile 767 | . 12 4 77 36 229 65 175 71 98 AOE 3 | . . . . . . . 2 1 . Critical Strikes 21 | . 1 . 1 1 5 . 6 5 2 Part Disruptions 2 | . . . . . . . 2 . . Damage Taken 12112 | . 214 38 1130 482 2471 1134 3265 1595 1783 Core 2983 | . 24 11 193 71 509 122 896 613 544 Absorbed by Shields 55 | . . . . . . . . . 55 Ignored by Resistances 46 | . . . . . . . 46 . . Regen/Repaired (Parts) 608 | . . . . 232 54 . 311 11 . Core Remaining (%) 63 | 100 . 86 51 87 27 85 10 . . Volleys Fired 165 | 8 9 3 35 35 27 10 22 9 7 Largest 2 | 2 2 2 2 2 2 2 2 2 2 Hottest 200 | 70 70 90 93 112 143 200 196 110 70 Shots Fired 296 | 16 18 6 64 64 53 18 35 12 10 Gun 151 | 16 18 . 20 50 25 . . 12 10 Cannon 117 | . . 3 41 . 28 15 30 . . Launcher 15 | . . 3 3 4 . 3 2 . . Special 13 | . . . . 10 . . 3 . . Kinetic 97 | 8 9 . 41 . 25 . . 4 10 Thermal 172 | 4 9 3 20 60 28 15 25 8 . Explosive 10 | . . 3 3 4 . . . . . Electromagnetic 14 | 4 . . . . . 3 7 . . Robot Hit Streak 34 | 6 14 3 9 34 18 2 7 8 5 Robot Miss Streak 5 | 3 1 . 2 2 2 5 3 2 1 Penetration Max . | . . . . . . . . . . Secondary Targets . | . . . . . . . . . . Shots Hit Robots 239 | 11 16 3 42 37 57 14 41 11 7 Core Hits 135 | 4 5 9 32 19 22 15 20 6 3 Critical Kills . | . . . . . . . . . . Critical Parts Destroyed . | . . . . . . . . . . Critical Strikes 16 | . . . 1 5 7 . 3 . . Burn 5 | . . . . 5 . . . . . Blast 4 | . . . 1 . 3 . . . . Sever 7 | . . . . . 4 . 3 . . Melee Attacks 187 | . . . . 1 43 12 76 55 . Impact 15 | . . . . . . . 15 . . Slashing 170 | . . . . 1 41 12 61 55 . Piercing 1 | . . . . . 1 . . . . Sneak Attacks 13 | . . . . . 7 3 1 2 . Combat Hostiles . | . . . . . . . . . . Follow-up Attacks . | . . . . . . . . . . Damage Inflicted 7548 | 109 155 169 1365 990 1737 726 1575 406 316 Guns 1860 | 109 155 . 202 618 341 . . 251 184 Cannons 2252 | . . 34 513 . 465 318 922 . . Explosions 1424 | . . 127 650 365 . 120 41 . 121 Melee 1970 | . . . . . 931 278 612 149 . Ramming 42 | . . 8 . 7 . 10 . 6 11 Kinetic 1247 | 44 55 . 442 . 442 . . 80 184 Thermal 3140 | 38 100 34 481 698 364 318 815 171 121 Explosive 854 | . . 127 442 285 . . . . . Electromagnetic 295 | 27 . . . . . 120 148 . . Impact 33 | . . . . . . . 33 . . Slashing 1937 | . . . . . 931 278 579 149 . Piercing . | . . . . . . . . . . Highest Corruption 17 | . . . . 2 1 1 7 16 17 Average Corruption 5 | . . . . 2 1 1 6 3 16 Corruption Purged . | . . . . . . . . . . Corruption Blocked . | . . . . . . . . . . Effects 79 | . . . . 7 4 . 27 13 28 Message Errors 17 | . . . . . 1 . 6 5 5 Matter Fused 27 | . . . . 4 1 . 9 3 10 Heat Flow Errors 8 | . . . . . 2 . 4 . 2 Energy Discharges 6 | . . . . 2 . . 2 2 . Parts Rejected 2 | . . . . . . . . 1 1 Parts Fused 1 | . . . . . . . . . 1 Data Loss (minor) 8 | . . . . 1 . . 4 1 2 Misfires 2 | . . . . . . . 1 . 1 Alerts 1 | . . . . . . . 1 . . Misdirections 7 | . . . . . . . . 1 6 Overload Shots . | . . . . . . . . . . Overflow Damage 375 | . . . 21 41 184 41 88 . . Projectiles 17 | . . . . . 17 . . . . Explosions 62 | . . . 21 41 . . . . . Melee 296 | . . . . . 167 41 88 . . Knockbacks 8 | . . . 3 . 5 . . . . Impact . | . . . . . . . . . . Kinetic 8 | . . . 3 . 5 . . . . Secondary . | . . . . . . . . . . Self-Inflicted Damage 136 | . . 9 24 28 . 61 11 3 . Shots 6 | . . 1 1 1 . 2 1 . . Rammed 2 | . . . . . . 1 . 1 . Targets Rammed 6 | . . 3 . . . 1 . 1 1 Kicked 4 | . . 3 . . . . . . 1 Crushed . | . . . . . . . . . . Highest Temperature 476 | 50 225 90 224 279 240 476 383 90 330 Average Temperature 115 | 22 117 48 68 78 58 159 133 36 172 Received Heat Transfer 2863 | . 114 . 486 99 678 141 712 81 552 Effects 13 | . . . . . . 4 5 . 4 Shutdowns 3 | . . . . . . 3 . . . Energy Bleed 3 | . . . . . . . . . 3 Interference 3 | . . . . . . . 3 . . Matter Decay 3 | . . . . . . 1 1 . 1 Short Circuit 1 | . . . . . . . 1 . . Siege Activations . | . . . . . . . . . . Martial Activations . | . . . . . . . . . . Shielding Activations . | . . . . . . . . . . Robots Disrupted . | . . . . . . . . . . Combat Hostiles . | . . . . . . . . . . Robots Corrupted 1 | . . . . . . . 1 . . Combat Hostiles 1 | . . . . . . . 1 . . Parts Fried . | . . . . . . . . . . Impact Corruptions 1 | . . . . . . . 1 . . Robots Melted 1 | . . . . 1 . . . . . Combat Hostiles 1 | . . . . 1 . . . . . Parts Melted 7 | . . . 1 3 . 1 1 1 . Heat Transferred 5487 | 111 296 74 792 1752 740 375 1025 222 100 Parts Sabotaged . | . . . . . . . . . . Parts Stolen . | . . . . . . . . . . Parts Stripped . | . . . . . . . . . . Power Chain Reactions . | . . . . . . . . . . Alert | -11 -10 -10 -9 -8 -7 -6 -5 -4 -4 ------- Run | Yrd Mat Min Mat Mat Fac Fac Fac Fac Ext Maximum Alert Level 1 | . . . 1 . 1 . 1 . 1 Low Security (%) 86 | 100 100 100 49 100 77 100 95 100 56 Level 1 13 | . . . 50 . 22 . 4 . 43 Level 2 . | . . . . . . . . . . Level 3 . | . . . . . . . . . . Level 4 . | . . . . . . . . . . Level 5 . | . . . . . . . . . . High Security . | . . . . . . . . . . Max Security . | . . . . . . . . . . Peak Influence 387 | 10 50 139 292 185 297 188 219 134 387 Initial 115 | . . . 50 85 60 115 73 105 12 Average 78 | . 5 5 132 89 91 77 67 53 156 Influence Increases 3959 | 10 50 139 525 374 668 391 770 412 620 Destroy 0b10 Robot/C 1240 | . 40 60 300 220 120 80 220 40 160 Destroy 0b10 Robot/NC 175 | 10 . . 40 15 55 30 15 10 . Destroy Leader 308 | . 10 10 66 74 56 10 52 20 10 Allied During Kill 26 | . . 3 . . . . . . 23 Successful Hack 136 | . . . 9 28 28 8 4 35 24 Disable Machine 330 | . . 60 45 30 30 15 45 45 60 Destroy Structure 289 | . . 6 35 7 19 8 104 82 28 Partial Spotted 90 | . . . 15 . . . 75 . . Lose Combat Pursuer 1365 | . . . 15 . 360 240 255 180 315 Influence Decreases 3666 | 10 50 8 454 442 565 477 706 601 353 Entered New Map 596 | . . . 81 117 74 122 78 110 14 Time Decay 2249 | 10 50 8 293 305 341 237 458 358 189 Lost Part 597 | . . . 60 20 150 50 170 57 90 Lost Ally 80 | . . . 20 . . . . . 60 Purge Threat 144 | . . . . . . 68 . 76 . Squads Dispatched 30 | . . . 1 1 9 3 6 5 5 Investigation 5 | . . . . . 3 . . . 2 Extermination 11 | . . . . . 3 . 4 4 . Reinforcement 14 | . . . 1 1 3 3 2 1 3 Assault . | . . . . . . . . . . Garrison . | . . . . . . . . . . Intercept . | . . . . . . . . . . Searches Triggered . | . . . . . . . . . . Construction Impeded 3 | . . . . . 1 1 . . 1 Haulers Reinforced . | . . . . . . . . . . Active Scanning Responses . | . . . . . . . . . . Cargo Convoy Interrupts . | . . . . . . . . . . Stealth | -11 -10 -10 -9 -8 -7 -6 -5 -4 -4 --------- Run | Yrd Mat Min Mat Mat Fac Fac Fac Fac Ext Distress Signals 10 | . . . 3 1 2 2 . 1 1 Communications Jammed 8 | . . . . . . . 7 1 . Distress Signals 8 | . . . . . . . 7 1 . Times Spotted 240 | . 4 11 29 16 42 26 36 29 47 Peak Tracking Total 20 | . 2 17 14 6 9 7 10 10 20 Tactical Retreats 45 | . . 1 1 . 12 7 9 5 10 Traps | -11 -10 -10 -9 -8 -7 -6 -5 -4 -4 ------- Run | Yrd Mat Min Mat Mat Fac Fac Fac Fac Ext Traps Triggered 11 | . 1 . . 1 3 1 2 2 1 Indirectly 1 | . . . . . . 1 . . . Trap Hack Attempts . | . . . . . . . . . . Triggered . | . . . . . . . . . . Disarmed . | . . . . . . . . . . Reprogrammed . | . . . . . . . . . . Reused . | . . . . . . . . . . Traps Extracted . | . . . . . . . . . . Installed . | . . . . . . . . . . Triggered . | . . . . . . . . . . Machines | -11 -10 -10 -9 -8 -7 -6 -5 -4 -4 ---------- Run | Yrd Mat Min Mat Mat Fac Fac Fac Fac Ext Machines Disabled 22 | . . 4 3 2 2 1 3 3 4 Max in Single Turn 3 | . . 2 2 1 1 1 1 1 3 Energy Cycler 1 | . . . . . . . . . 1 Machines Repaired . | . . . . . . . . . . Machines Dismantled . | . . . . . . . . . . Machines Sabotaged . | . . . . . . . . . . Overloaded Fab Kills . | . . . . . . . . . . Hacking | -11 -10 -10 -9 -8 -7 -6 -5 -4 -4 --------- Run | Yrd Mat Min Mat Mat Fac Fac Fac Fac Ext Machines Accessed 50 | . . 1 4 6 10 5 7 8 9 Terminals 32 | . . . 2 5 5 4 3 6 7 Fabricators 2 | . . . . . . . 1 1 . Repair Stations 7 | . . . 1 1 3 . 1 1 . Recycling Units 6 | . . . . . 1 1 2 . 2 Scanalyzers 2 | . . . 1 . 1 . . . . Garrison Access . | . . . . . . . . . . Total Hacks 161 | . . 1 13 18 27 18 24 42 18 Successful 80 | . . 1 6 12 8 8 15 23 7 Failed 81 | . . . 7 6 19 10 9 19 11 Catastrophic 20 | . . . 2 2 4 3 2 3 4 Database Lockouts . | . . . . . . . . . . Manual 43 | . . . 5 9 10 8 4 6 1 Terminals 113 | . . . 8 11 13 15 13 38 15 Fabricators 3 | . . . . . . . 1 2 . Repair Stations 24 | . . . 2 7 9 . 4 2 . Recycling Units 16 | . . . . . 4 3 6 . 3 Scanalyzers 4 | . . . 3 . 1 . . . . Garrison Access . | . . . . . . . . . . Terminal Hacks 43 | . . 1 2 3 2 6 7 17 5 Record 6 | . . . 1 1 . 1 2 1 . Prototype ID Bank 4 | . . . . . 1 . . 1 2 Open Door 4 | . . 1 . . . . . 1 2 Branch Access Points 5 | . . . 1 1 . 1 1 1 . Emergency Access Points 3 | . . . . . . 1 . 2 . Recycling Unit Index 1 | . . . . . . . . 1 . Scanalyzer Index 1 | . . . . . . . . 1 . Alert Level 4 | . . . . . . 2 . 1 1 Unreport Threat 3 | . . . . . . 1 . 2 . Dispatch Records 2 | . . . . . 1 . . 1 . Maintenance Status 1 | . . . . . . . . 1 . Patrol Status 1 | . . . . . . . . 1 . Investigation Status 1 | . . . . . . . 1 . . Extermination Status 1 | . . . . . . . 1 . . Recall Extermination 1 | . . . . . . . 1 . . Recall Reinforcements 1 | . . . . . . . . 1 . Hauler Manifests 2 | . . . . 1 . . 1 . . Registered Components 1 | . . . . . . . . 1 . Registered Prototypes 1 | . . . . . . . . 1 . Fabricator Hacks 2 | . . . . . . . 1 1 . Network Status 2 | . . . . . . . 1 1 . Repair Station Hacks 17 | . . . 1 6 4 . 4 2 . Scan Component 9 | . . . 1 3 2 . 2 1 . Repair 8 | . . . . 3 2 . 2 1 . Recycling Unit Hacks 7 | . . . . . 1 1 3 . 2 Process 1 | . . . . . . . 1 . . Report Inventory 6 | . . . . . 1 1 2 . 2 Scanalyzer 3 | . . . 3 . . . . . . Insert Component 2 | . . . 2 . . . . . . Analyze 1 | . . . 1 . . . . . . Garrison Access Hacks . | . . . . . . . . . . Unauthorized Hacks 8 | . . . . 3 1 1 . 3 . Terminals 8 | . . . . 3 1 1 . 3 . Botnet 7 | . . . . 3 1 1 . 2 . Operators 1 | . . . . . . . . 1 . Fabricators . | . . . . . . . . . . Repair Stations . | . . . . . . . . . . Recycling Units . | . . . . . . . . . . Scanalyzers . | . . . . . . . . . . Garrison Access . | . . . . . . . . . . Data Cores Recovered 1 | . . . . . . 1 . . . Used 1 | . . . . . . 1 . . . Hacking Detections 42 | . . . 4 5 9 5 4 7 8 Full Trace Events 5 | . . . . 1 3 . . . 1 Feedback Events . | . . . . . . . . . . Feedback Blocked 1 | . . . . . 1 . . . . Robot Schematics Acquired . | . . . . . . . . . . Robots Built . | . . . . . . . . . . Authchips . | . . . . . . . . . . Time . | . . . . . . . . . . Total Robot Build Rating . | . . . . . . . . . . Part Schematics Acquired 1 | . . . 1 . . . . . . Parts Built . | . . . . . . . . . . Authchips . | . . . . . . . . . . Time . | . . . . . . . . . . Total Part Build Rating . | . . . . . . . . . . Parts Repaired 8 | . . . . 3 2 . 2 1 . Time 285 | . . . . 90 105 . 64 26 . Parts Recycled . | . . . . . . . . . . Recycled Matter . | . . . . . . . . . . Retrieved Matter . | . . . . . . . . . . Retrieved Components . | . . . . . . . . . . Parts Scanalyzed 1 | . . . 1 . . . . . . Part Schematics Acquired 1 | . . . 1 . . . . . . Parts Damaged . | . . . . . . . . . . Bothacking | -11 -10 -10 -9 -8 -7 -6 -5 -4 -4 ------------ Run | Yrd Mat Min Mat Mat Fac Fac Fac Fac Ext Used RIF Installer . | . . . . . . . . . . Robots Hacked 2 | . . . . . 1 . 1 . . Non-combat 2 | . . . . . 1 . 1 . . Combat . | . . . . . . . . . . Robot Hacks Applied 3 | . . . . . 1 . 2 . . parse_system 1 | . . . . . 1 . . . . no_distress 1 | . . . . . . . 1 . . find_recycling 1 | . . . . . . . 1 . . Relay Couplers Released . | . . . . . . . . . . Fabnet Peak Effective % . | . . . . . . . . . . Robots Rewired . | . . . . . . . . . . Allies Hacked . | . . . . . . . . . . Hacks Repelled . | . . . . . . . . . . Allies | -11 -10 -10 -9 -8 -7 -6 -5 -4 -4 -------- Run | Yrd Mat Min Mat Mat Fac Fac Fac Fac Ext Total Allies 6 | . . 2 . . 1 . . . 3 Largest Group 2 | . . 2 . . 1 . . . 2 Highest-Rated Group 210 | . . 47 . . 16 . . . 210 Highest-Rated Ally 159 | . . 31 . . 16 . . . 159 Total Orders . | . . . . . . . . . . Ally Attacks 53 | . . 1 5 . 11 . . . 36 Total Damage 1415 | . . 21 20 . 91 . . . 1283 Kills 7 | . . 1 . . . . . . 6 Allies Corrupted . | . . . . . . . . . . Allies Melted 1 | . . . . . . . . . 1 Intel | -11 -10 -10 -9 -8 -7 -6 -5 -4 -4 ------- Run | Yrd Mat Min Mat Mat Fac Fac Fac Fac Ext Active Infowar (turns) 5859 | . 473 409 783 696 617 547 1240 1094 . Optics 2313 | . . . . . . . 1238 1075 . Sensors 2387 | . . . 620 . . . 740 1027 . Terrain 2754 | . . . 159 696 513 547 . 839 . Structural 288 | . . . . . . . 154 134 . Seismic 1287 | . 473 409 405 . . . . . . T.N.C. 442 | . . . . 338 104 . . . . Jamming 711 | . . . . . . . 290 421 . Robot Analysis Total . | . . . . . . . . . . Derelict Logs Recovered 1 | . . 1 . . . . . . . Drone Launches 12 | . . . 5 . 7 . . . . Drone Recoveries 10 | . . . 3 . 7 . . . . Exploration | -11 -10 -10 -9 -8 -7 -6 -5 -4 -4 ------------- Run | Yrd Mat Min Mat Mat Fac Fac Fac Fac Ext Turns Passed 7612 | 70 473 409 833 696 1188 557 1681 1128 577 Spaces Moved 7618 | 38 309 278 625 468 1583 625 1813 1378 501 Core 260 | . . . . . . . 68 82 110 Treads . | . . . . . . . . . . Legs 1036 | 38 309 278 164 . . . 17 . 230 Wheels 1390 | . . . 461 468 461 . . . . Hover 1787 | . . . . . . 305 1321 . 161 Flight 3145 | . . . . . 1122 320 407 1296 . Fastest Speed 26 | 120 120 120 90 85 26 26 32 29 50 Average Speed 61 | 120 120 120 97 87 47 43 53 35 86 Slowest Speed 190 | 120 120 120 120 90 135 126 128 50 190 Overloaded Moves 155 | . . . . . . . 155 . . Propulsion Burnouts . | . . . . . . . . . . Robots Hopped 14 | . . . . . 5 . 3 6 . Potential Cave-ins . | . . . . . . . . . . Cave-ins Triggered 1 | . . . . . . . . 1 . Exploration Rate (%) 33 | 3 34 53 41 41 42 19 27 20 56 Regions Visited 9 Branch Regions 2 Pre-discovered Areas . | . . . . . . . . . . Known Exits Taken 4 | . . . . . 1 1 1 1 . Unknown Exits Taken 5 | 1 1 1 1 1 . . . . . Scrap Searched 1 | . . 1 . . . . . . . Spaces Dug 117 | . . . . 1 17 8 47 44 . Terrain Destroyed 192 | . . 6 46 9 20 8 49 45 9 Melee 116 | . . . . 1 17 8 46 44 . Projectile 12 | . . . 2 . 3 . 3 1 3 AOE 64 | . . 6 44 8 . . . . 6 Terrain Rammed 1 | . . . . 1 . . . . . Walls Destroyed . | . . . . . . . . . . Machines Disabled . | . . . . . . . . . . Actions | -11 -10 -10 -9 -8 -7 -6 -5 -4 -4 --------- Run | Yrd Mat Min Mat Mat Fac Fac Fac Fac Ext Total 9930 | 47 397 347 783 681 1899 867 2359 1916 634 Wait 1380 | . 59 59 49 125 131 162 306 409 80 Move 7582 | 37 308 277 624 467 1573 624 1806 1365 501 Hop 13 | . . . . . 4 . 3 6 . Pick Up 160 | 1 8 2 24 18 32 19 39 13 4 Fast Attach 77 | . . . 5 4 8 6 29 13 12 Attach 74 | . 1 . 9 4 26 3 15 10 6 Detach 30 | . . . 1 1 6 3 9 5 5 Swap 97 | 1 4 1 15 10 26 9 21 9 1 Drop 142 | . 8 2 21 15 23 18 33 21 1 Fire 165 | 8 9 3 35 35 27 10 22 9 7 Melee 187 | . . . . 1 43 12 76 55 . Ram 3 | . . . . 1 . 1 . 1 . Kick 4 | . . 3 . . . . . . 1 Crush . | . . . . . . . . . . Escape Stasis 15 | . . . . . . . . . 15 Rewire 1 | . . . . . . . . . 1 Trap . | . . . . . . . . . . Miscellaneous . | . . . . . . . . . . Route ------- -11/Scrapyard -10/Materials -10/Mines -9/Materials (discovered 5 exits: *Mat / Min x2 / *Sto x2) -8/Materials (discovered 2 exits: *Fac x2) -7/Factory (discovered 2 exits: *Fac x2) -6/Factory (discovered 3 exits: *Fac / *Low x2) -5/Factory (discovered 3 exits: *Fac / Upp x2) -4/Factory (discovered 7 exits: *Res x2 / Upp x2 / *Ext x2 / Arm) -4/Extension (discovered 1 exit: *Res) History --------- Turn | Location | Event 1 | -11/Scrapyard | Discovered new exit (range 3) 71 | -11/Scrapyard | Entered Materials 317 | -10/Materials | Build established: Mutant 444 | -10/Materials | Discovered new exit (range 10) 544 | -10/Materials | Entered Mines 553 | -10/Mines | Found the Drone Emporium 559 | -10/Mines | Found Prototype Device 644 | -10/Mines | Learned Materials garrison access intel 846 | -10/Mines | Assembled infested the area 851 | -10/Mines | Assisted by a Guerilla fighting off Assembled 914 | -10/Mines | Found a damaged Exp. Sensor Array with a note attached 917 | -10/Mines | Found Prototype Device 931 | -10/Mines | Discovered new exit (range 9) 953 | -10/Mines | Entered Materials 953 | -9/Materials | Evolved 2 slots: Propulsion x1, Utility x1 954 | -9/Materials | Identified Splice Drone Bay 955 | -9/Materials | Identified Exp. Sensor Array 1031 | -9/Materials | Identified exit to Mines 1031 | -9/Materials | Identified exit to Storage 1405 | -9/Materials | Destroyed 12 combat bots 1410 | -9/Materials | Lost 4 parts (1p1n1u1w) 1691 | -9/Materials | Discovered new exit (range 9) 1786 | -9/Materials | Entered another Materials area 1786 | -8/Materials | Evolved 2 slots: Propulsion x1, Utility x1 1787 | -8/Materials | Loaded intel: 1 garrison access location 2036 | -8/Materials | Discovered new exit (range 3) 2087 | -8/Materials | Build established: Scavenger-Skirmisher 2403 | -8/Materials | Repaired Arm. Wheel 2436 | -8/Materials | Repaired Arm. Wheel 2464 | -8/Materials | Repaired Grenade Launcher 2477 | -8/Materials | Discovered new exit (range 4) 2482 | -8/Materials | Entered Factory 2482 | -7/Factory | Evolved 2 slots: Utility x2 2600 | -7/Factory | Build established: Mutant 2847 | -7/Factory | Lost 3 parts (1n2u) 3031 | -7/Factory | Lost 9 parts (1p4n4u) 3137 | -7/Factory | Core integrity fell below 50% 3142 | -7/Factory | Lost 9 parts (1p4n1u3w) 3217 | -7/Factory | Discovered new exit (range 9) 3223 | -7/Factory | Identified exit to Factory 3349 | -7/Factory | Build established: Sprinter 3514 | -7/Factory | Discovered exit to Factory (range 15) 3568 | -7/Factory | Repaired Cld. VTOL Module 3660 | -7/Factory | Repaired Cld. VTOL Module? 3670 | -7/Factory | Entered another Factory area 3670 | -6/Factory | Evolved 2 slots: Power x1, Propulsion x1 3686 | -6/Factory | Identified exit to Lower Caves 4214 | -6/Factory | Discovered new exit (range 12) 4226 | -6/Factory | Identified exit to Factory 4227 | -6/Factory | Entered another Factory area 4227 | -5/Factory | Evolved 2 slots: Utility x2 4248 | -5/Factory | Lost 4 parts (1p2n1u) 4275 | -5/Factory | Build established: Hacker-Mutant 4594 | -5/Factory | Repaired Lrg. Storage Unit 4653 | -5/Factory | Repaired Lgt. Nuclear Core 5162 | -5/Factory | Lost 3 parts (2n1w) 5178 | -5/Factory | Identified exit to Upper Caves 5253 | -5/Factory | Build established: Hacker-Ninja 5506 | -5/Factory | Core integrity fell below 50% 5547 | -5/Factory | Lost 11 parts (2p6n2u1w) 5564 | -5/Factory | Core integrity fell below 20% 5883 | -5/Factory | Discovered new exit (range 6) 5885 | -5/Factory | Identified exit to Factory 5908 | -5/Factory | Entered another Factory area 5908 | -4/Factory | Evolved 2 slots: Utility x2 5908 | -4/Factory | Discovered new exit (range 6) 5940 | -4/Factory | Identified exit to Research 6027 | -4/Factory | Repaired Structural Scanner 6162 | -4/Factory | Identified exit to Upper Caves 6162 | -4/Factory | Identified exit to Extension 6162 | -4/Factory | Identified exit to Armory 6447 | -4/Factory | Discovered exit to Research (range 18) 6922 | -4/Factory | Crushed by falling debris 6983 | -4/Factory | System corruption reached 10% 6983 | -4/Factory | Released all parts (9) 7013 | -4/Factory | Lost 9 parts (1p4n3u1w) 7034 | -4/Factory | Core integrity fell below 50% 7036 | -4/Factory | Entered Extension 7239 | -4/Extension | Rescued a captive Derelict 7240 | -4/Extension | Rescued a captive Derelict 7260 | -4/Extension | Build established: Mutant 7261 | -4/Extension | Rescued A7 7408 | -4/Extension | Extracted ID and sensor layout for unrecognized location from A7's data core 7484 | -4/Extension | Energy Cycler disabled 7484 | -4/Extension | Rescued a captive Derelict 7484 | -4/Extension | Rescued a captive Derelict 7486 | -4/Extension | Rescued a captive Derelict 7487 | -4/Extension | Rescued a captive Derelict 7490 | -4/Extension | Rescued a captive Derelict 7490 | -4/Extension | Rescued a captive Derelict 7491 | -4/Extension | Rescued a captive Derelict 7494 | -4/Extension | Rescued a captive Derelict 7590 | -4/Extension | Build established: Scavenger-Mutant 7607 | -4/Extension | Spotted B-86 Titan 7608 | -4/Extension | Core integrity fell below 20% 7612 | -4/Extension | Discovered exit to Research (range 15) 7612 | -4/Extension | Spotted B-86 Titan 7613 | -4/Extension | Destroyed by S-27 Virus with Autogun Last Messages --------------- 07589_ Hrd. Light Armor Plating destroyed. 07603_ Flexi-carbon Leg destroyed. 07604_ Imp. Medium Armor Plating destroyed. 07604_ Myomer Leg destroyed. 07605_ Penetrated by Slug. 07605_ Neutrino Core destroyed. 07606_ B W=RD%Y,J7NOUIDEQ36/AV|L#T#|L 07606_ Neutrino Core destroyed. 07607_ Myomer Leg destroyed. 07609_ Critical hit (Meltdown: +350). 07609_ Slug penetrates U-05 Engineer. 07610_ Overheating: Matter decay (-66). 07611_ U-05 Engineer destroyed. 07611_ Penetrated by Slug. 07612_ Slug penetrates Wall. 07612_ EXIT=FOUND: RESEARCH 07613_ C-30 ARC bursts open, deploying its payload. 07613_ S-27 Virus unfolds itself. [Achievement: Hunted] Map ----- +----------------------------------------------------+ | * #???????????### [ ##?????????????????? | | #?????????????# [ "#?????????????????? | | #????????????## T#?????????????????? | | #????????????## "#?????????????????? | | #????????????## ##?????????????????? | | #?????????????# #??????????????????? | | #?????????????# #??????????????????? | | #########????????????## #??????????????????? | | ?????????????????????# =[*#??????????????????? | | ?????????????????????# [[!#??????????????????? | | ?????????????????????# ! =%!#??????????????????? | | ?????????????????????###/##!#%#??????????????????? | | ??????????????????????# T#%! #??????????????????? | | ??????????????????????## #### #??????????????????? | | ??????????????????????? %#??# #??????????????????? | | ???????????????????????###??# #??????????????????? | | ????????????????????????????# #??????????????????? | | ????????????????????????????? #???#??#???????????? | | ????????????????????????????? ### ## ##??????????? | | ????????????????????????????? "" "??????????? | | ?????????????????????????????s" Y ??????????? | | ???????????????????????????? s%s gg?????????? | | ?????????????????????##???? s ?????????? | | ####/##########;###;##;#### ????????? | | %%! ????????? | | s ss *= @ ????????? | | s s u ????????? | | u ????????? | | %A k u BB RR ?????????? | | ########################### BB BB?????????? | | ??????????????????????????? B??????????? | | ??????????????????????????? ??????????? | | ???????????????????????????? ??????????? | | ???????????????????????????? ???????????? | | ?????????????????????????????###T# #???????????? | | ????????????????????????????????##?< ????????????? | | ????????????????????????????????????#????????????? | | | | | | | | | | | | | | | | | | | | | | | | | | | +----------------------------------------------------+ Best States ------------- Heat Dissipation 59 Energy Generation 36 Energy Capacity 675 Matter Stores 300 Matter Capacity 300 Sight Range 22 Robot Scan Range 20 Terrain Scan Range 24 Terrain Scan Density 210 Jamming Range 16 Additional Mass Support 9 Base Temperature (-) 150 Armor Coverage 375 Resistance: KI 20 Resistance: TH 10 Evasion (%) 66 Targeting Accuracy 5 Melee Accuracy 8 Offensive Hacking 24 Defensive Hacking 24 Item Schematics ----------------- Arm. Wheel | -9/Materials | Scanalyzed Robot Schematics ------------------ None Fabricated ------------ Nothing Repaired ---------- Arm. Wheel | 8% | -8/Materials Arm. Wheel | 14% | -8/Materials Grenade Launcher | 10% | -8/Materials Cld. VTOL Module | 45% | -7/Factory Cld. VTOL Module | 65% | -7/Factory Lrg. Storage Unit | 20% | -5/Factory Lgt. Nuclear Core | 32% | -5/Factory Structural Scanner | 45% | -4/Factory Alien Tech Used ----------------- None Achievements -------------- Error 47 Factory Defaults Hunted Challenges ------------ None Game ------ Seed AssemblyImpulseBay Manual? 0 Play Time 04:39:57 Cumulative 51.2 hours Start 2025.06.18 @ 14:07:39 End 2025.06.23 @ 15:43:12 Sessions 15 Manual Loads 0 Difficulty Rogue Special Mode None Game No. 48 Rogue 48 Adventurer 0 Explorer 0 Win Type - Total 0 Types 0/0/0/0/0/0/0/0/0/0 Lore% 14 Gallery% 32 Achievement% 28 Wizard Run 0 Options --------- Layout 1 ASCII 0 Keyboard 1 Movement Numpad Keybinds 0 Fullscreen 0 Font 20/SmallcapsGlow Map View 50x35 Zoom Use 14% Tactical HUD 1 Map Filters NONE Filters NONE Steam 1 RUN: 49efc641-bcc9-446d-a646-28707f955637